Map: Ultralove

Players

ManlyManMeat

  • Race: Terran Terran
  • League: Master
  • Spawn Location: 1:00

VOD

Have the link to the VOD?

Description

Time

  • Played on: May 26, 2025, 7:11 a.m.
  • Length: 14:11
Show
View Real Time Build Order
Export as new Build Order

ManlyManMeat Terran 

Build Orders:  

Get SALT Encoding   

  12  0:00  SCV  
  13  0:17  SCV  
  14  0:24  Supply Depot  
  14  0:34  SCV  
  15  0:54  SCV  
  15  0:56  Barracks  
  16  1:01  Refinery  
  16  1:11  SCV  
  17  1:28  SCV  
  18  1:45  SCV  
  19  2:02  Orbital Command  
  19  2:06  Reaper  
  20  2:20  Command Center  
  20  2:32  Supply Depot  
  20  2:41  SCV  
  20  2:46  Marine  
  22  2:58  SCV  
  23  3:06  Factory  
  23  3:15  SCV  
  23  3:18  Barracks Reactor  
  24  3:32  SCV  
  25  3:43  Command Center  
  25  3:51  SCV  
  26  4:00  Orbital Command  
  26  4:08  SCV  
  27  4:18  Stimpack, Barracks  
  27  4:19  Barracks Tech Lab  
  27  4:25  SCV  
  27  4:27  Hellion  
  30  4:33  Hellion  
  30  4:38  SCV  
  33  4:42  SCV  
  34  4:52  Marine  
  34  4:55  Refinery, SCV  
  36  5:05  SCV  
  37  5:17  SCV  
  38  5:24  Marine  
  38  5:25  Orbital Command, Starport  
  38  5:27  SCV  
  40  5:46  Barracks  
  40  5:57  SCV  
  40  5:58  SCV  
  42  6:02  Factory Reactor  
  42  6:04  Marine  
  43  6:14  SCV x2, Barracks  
  45  6:20  Barracks  
  45  6:22  Barracks, SCV  
  45  6:24  Barracks  
  45  6:29  Marine  
  47  6:31  SCV  
  47  6:37  Barracks  
  48  6:40  Starport  
  48  6:57  Supply Depot  
  48  6:58  SCV, Supply Depot  
  48  6:59  SCV x2  
  51  7:03  Marine x2  
  51  7:05  Hellion x2  
  57  7:24  Refinery  
  57  7:25  Refinery  
  57  7:26  Barracks Reactor  
  57  7:28  Barracks Reactor, Marine  
  59  7:33  Barracks, Barracks Tech Lab  
  59  7:35  Barracks, Starport Reactor  
  59  7:39  Barracks Reactor  
  58  7:42  Unknown  
  58  7:44  Marine x2  
  58  7:46  Hellion x2  
  64  7:51  SCV x2  
  64  7:53  Marine  
  64  7:54  Orbital Command  
  67  8:09  Marine x3  
  70  8:14  SCV x2  
  70  8:16  Hellion x2  
  76  8:27  Supply Depot  
  76  8:42  Supply Depot  
  76  8:47  SCV  
  77  8:57  SCV x2, Marine x5  
  77  8:58  Engineering Bay  
  77  8:59  Engineering Bay  
  84  9:02  Armory  
  84  9:04  SCV  
  85  9:12  Marine x2  
  85  9:13  Marauder x2, Marine  
  85  9:14  SCV  
  93  9:35  Refinery  
  93  9:37  Refinery  
  93  9:41  Supply Depot  
  93  9:42  Supply Depot  
  93  9:59  Concussive Shells  
  93  10:11  Medivac, SCV x3, Marine x3  
  93  10:12  Marauder x2, Marine x4  
  109  10:22  Factory Tech Lab  
  109  10:26  Supply Depot  
  109  10:27  Marine, Supply Depot  
  110  10:30  SCV  
  110  10:31  SCV x2  
  110  10:38  Marine x2  
  110  10:39  Marine x2  
  117  10:56  Marauder, SCV x2, Marine x4  
  117  10:57  Marauder, SCV, Marine  
  117  10:58  Supply Depot  
  117  10:59  Supply Depot x2  
  129  11:00  Supply Depot  
  129  11:01  Supply Depot  
  129  11:04  Marine x3  
  129  11:05  Marine  
  129  11:07  Supply Depot  
  133  11:12  Terran Infantry Weapons Level 1, Terran Infantry Armor Level 1  
  133  11:28  Marauder, SCV x3, Marine x3  
  133  11:29  Medivac x2, Siege Tank, Marauder, Marine  
  151  11:45  SCV x3  
  154  11:58  Marauder  
  154  11:59  Marauder  
  158  12:02  Marine x4  
  158  12:03  Marine x2  
  164  12:11  Medivac x2  
  164  12:14  Siege Tank  
  171  12:26  Command Center  
  171  12:28  Marauder  
  171  12:29  Marauder  
  175  12:34  Supply Depot  
  175  12:38  Marine x4, Supply Depot x3  
  175  12:39  Marine  
  180  13:04  Siege Tank  
  183  13:25  Marine x3  
  183  13:26  Marauder x2, Marine  
  183  13:28  Marine x3  
  183  13:29  Marine x2  
Tags
 
League
Master
Matchup
Co-op
Add a new tag
Caveats
  • Supply blocks, unpowered buildings, or Contaminate may cause inaccurate times.
  • Supply counts are checked every 10 seconds.